Map: Vigía EE

Players

AdrianGo

  • Race: Terran Terran
  • Spawn Location: 12:00

Kikaro

  • Race: Terran Terran
  • League: Platinum
  • Spawn Location: 9:00

OsoPandoMx

  • Race: Zerg Zerg
  • League: Gold
  • Spawn Location: 9:00

MrFercho - Winner!

  • Race: Zerg Zerg
  • League: Gold
  • Spawn Location: 5:00

TATORREA - Winner!

  • Race: Protoss Protoss
  • League: Gold
  • Spawn Location: 5:00

tigro - Winner!

  • Race: Terran Terran
  • League: Bronze
  • Spawn Location: 6:00

VOD

Have the link to the VOD?

Description

Time

  • Played on: Aug. 9, 2020, 9:15 p.m.
  • Length: 22:52
Show
View Real Time Build Order
Export as new Build Order

AdrianGo Terran 

Build Orders: 2 Factory 

Get SALT Encoding   

  12  0:06  SCV  
  13  0:18  SCV  
  14  0:24  Supply Depot  
  14  0:34  SCV  
  15  0:46  SCV  
  15  0:49  Refinery  
  16  0:52  Barracks  
  16  1:05  Barracks  
  16  1:07  SCV  
  17  1:19  Refinery  
  17  1:22  SCV  
  18  1:34  SCV  
  19  1:42  Marine  
  20  1:59  Marine, Factory  
  21  2:02  Marine  
  22  2:10  SCV  
  23  2:27  Supply Depot  
  23  2:31  Supply Depot  
  23  2:36  Orbital Command  
  23  2:41  Barracks Tech Lab  
  23  2:46  Barracks Tech Lab  
  23  2:48  Factory Tech Lab  
  23  3:05  Factory  
  23  3:06  Marine x2  
  25  3:13  Siege Tank  
  28  3:38  SCV  
  29  3:50  SCV  
  30  3:57  Factory Tech Lab  
  30  4:00  Command Center  
  30  4:04  Engineering Bay  
  30  4:19  Siege Tank  
  30  4:23  Siege Tank  
  36  4:34  Marine  
  36  4:35  Marine  
  38  4:39  SCV  
  39  4:56  Supply Depot  
  39  5:11  Marine, SCV  
  38  5:20  Supply Depot, Planetary Fortress  
  34  5:23  SCV  
  34  5:28  Refinery  
  35  5:35  SCV  
  36  5:47  SCV  
  37  5:55  Siege Tank x2  
  43  6:00  Marauder x2, SCV  
  48  6:04  Combat Shield  
  48  6:06  Concussive Shells  
  48  6:08  Terran Infantry Weapons Level 1  
  48  6:14  Supply Depot  
  48  6:21  Marauder x2  
  48  6:24  SCV  
  53  6:36  SCV  
  53  6:39  Supply Depot  
  54  6:48  SCV  
  56  6:54  SCV  
  56  7:00  SCV  
  57  7:06  Refinery, SCV  
  58  7:12  SCV  
  61  7:15  Marauder  
  61  7:16  Marauder  
  61  7:18  SCV  
  61  7:20  Siege Tank x2  
  70  7:24  SCV  
  71  7:30  SCV  
  71  7:37  SCV  
  73  7:42  SCV  
  74  7:49  SCV  
  75  7:52  Cyclone x2  
  81  8:13  Marauder  
  81  8:14  Marauder  
  85  8:29  Starport  
  85  8:48  Supply Depot  
  85  8:54  Missile Turret  
  85  8:57  Supply Depot  
  85  9:00  Missile Turret  
  85  9:07  Starport  
  89  9:10  Marauder x2  
  89  9:11  Supply Depot  
  89  9:16  Missile Turret  
  93  9:31  Marauder x2  
  93  9:37  Missile Turret  
  93  9:52  Command Center, Missile Turret  
  93  9:57  Command Center  
  93  10:02  Command Center  
  93  10:12  Refinery  
  93  11:04  Siege Tank x2  
  93  11:07  Command Center  
  93  11:09  Marauder x2  
  103  11:15  Refinery  
  103  11:26  SCV  
  103  11:31  Marauder x2  
  108  11:36  Siege Tank, Planetary Fortress  
  108  11:37  Planetary Fortress, Siege Tank  
  108  11:38  SCV  
  115  11:45  Planetary Fortress  
  115  11:50  SCV  
  115  11:52  Marauder  
  118  12:02  SCV  
  119  12:09  Siege Tank x2  
  119  12:14  SCV  
  126  12:41  Siege Tank x2  
  105  13:13  Siege Tank x2  
  108  13:21  Planetary Fortress  
  108  13:29  Refinery  
  108  13:51  Starport Reactor x2  
  108  14:00  Marauder x2  
  112  14:06  Cyclone x2  
  118  14:16  Terran Infantry Armor Level 1  
  118  14:22  Marauder x2, Armory  
  122  14:38  Cyclone x2  
  128  14:43  Marauder x2  
  89  15:04  Marauder  
  89  15:05  Marauder  
  84  15:08  Mag-Field Accelerator  
  84  15:09  Armory  
  84  15:10  Cyclone x2  
  90  15:17  Viking x2  
  90  15:18  Viking x2  
  98  15:26  Marauder x2  
  95  15:42  Cyclone x2  
  101  15:47  Viking x3  
  101  15:48  Viking  
  105  16:03  Terran Ship Weapons Level 1  
  105  16:04  Terran Vehicle Weapons Level 1  
  105  16:14  Cyclone x2  
  105  16:17  Viking  
  113  16:46  Cyclone, SCV  
  113  16:47  Cyclone  
  120  16:52  Marauder x2  
  124  16:58  SCV  
  125  17:10  SCV  
  125  17:11  Engineering Bay  
  125  17:13  Marauder x2  
  130  17:16  Engineering Bay  
  130  17:18  Cyclone  
  130  17:19  Cyclone  
  130  17:22  SCV  
  137  17:23  Supply Depot  
  137  17:34  Marauder, SCV  
  137  17:35  Marauder  
  142  17:45  Supply Depot  
  142  17:47  Armory  
  142  17:48  Viking x4  
  142  17:50  Thor x2  
  162  17:57  Terran Vehicle And Ship Armor Level 1  
  162  18:00  Supply Depot  
  162  18:07  Marauder x2  
  130  18:28  Marauder x2  
  130  18:33  Thor x2  
  143  18:46  SCV  
  144  18:58  SCV  
  144  19:00  SCV  
  146  19:10  SCV  
  146  19:12  SCV  
  148  19:23  SCV  
  148  19:24  SCV  
  148  19:35  SCV  
  148  19:36  SCV  
  137  19:48  SCV  
  66  21:25  Barracks Reactor  
  66  21:28  Siege Tank  
  31  22:00  Siege Tank  
  28  22:04  Marine x2  
  30  22:22  Marine x2  
  31  22:25  Command Center  
Show
View Real Time Build Order
Export as new Build Order

Kikaro Terran 

Build Orders:  

Get SALT Encoding   

  12  0:00  SCV  
  13  0:13  SCV  
  14  0:21  Supply Depot  
  14  0:25  SCV  
  15  0:37  Refinery  
  15  0:44  Barracks  
  15  0:46  SCV  
  16  0:58  SCV  
  17  1:11  SCV  
  18  1:30  Command Center  
  18  1:33  Marine  
  19  1:40  SCV  
  20  1:50  Factory  
  20  1:55  SCV  
  21  2:02  Marine  
  21  2:07  SCV  
  23  2:14  Refinery  
  23  2:19  Orbital Command  
  23  2:25  Barracks Tech Lab  
  23  2:41  Supply Depot  
  23  2:51  Marine  
  24  2:52  SCV  
  24  2:56  SCV  
  26  3:04  Supply Depot  
  26  3:08  Marine, Factory Tech Lab, SCV  
  28  3:14  SCV  
  29  3:20  SCV  
  29  3:26  SCV  
  31  3:27  Supply Depot  
  31  3:29  Siege Tank  
  34  3:34  SCV  
  35  3:46  SCV  
  36  3:50  Supply Depot  
  36  3:53  SCV  
  37  3:57  Refinery  
  37  3:58  SCV  
  37  4:01  Siege Tank  
  41  4:05  SCV  
  41  4:06  Barracks  
  42  4:10  Factory  
  42  4:12  Engineering Bay  
  42  4:17  SCV  
  42  4:21  SCV  
  44  4:28  Combat Shield  
  44  4:29  SCV  
  45  4:33  SCV  
  46  4:39  Armory  
  46  4:41  Armory, SCV  
  47  4:53  SCV  
  47  4:57  SCV  
  49  5:09  SCV  
  50  5:25  Factory Tech Lab  
  50  5:26  Siege Tank  
  50  5:27  Barracks Reactor  
  53  5:32  Barracks  
  53  5:37  SCV  
  53  5:41  Refinery  
  53  5:42  Marine  
  55  5:49  SCV  
  56  5:58  Siege Tank  
  56  5:59  Marine  
  56  6:01  SCV  
  61  6:13  SCV  
  61  6:15  SCV  
  61  6:17  Marine  
  64  6:22  Barracks Reactor  
  64  6:23  Marine x2  
  67  6:25  SCV  
  67  6:26  Terran Infantry Weapons Level 1  
  67  6:27  SCV  
  67  6:28  Terran Vehicle Weapons Level 1, Terran Vehicle And Ship Armor Level 1  
  68  6:35  Marine  
  68  6:37  SCV  
  70  6:57  Supply Depot  
  70  6:58  Supply Depot  
  70  6:59  Command Center  
  70  7:04  Orbital Command  
  70  7:18  Marine x3, Siege Tank, SCV  
  70  7:19  Supply Depot  
  70  7:21  Supply Depot  
  77  7:36  Marine x3  
  80  7:54  Marine x3  
  80  7:55  Marine  
  80  7:56  Marine  
  85  7:59  Siege Tank x2  
  85  8:03  Refinery x2  
  85  8:04  Supply Depot  
  91  8:05  Supply Depot  
  91  8:12  Marine x3  
  94  8:13  Marine x2  
  94  8:19  Barracks  
  96  8:24  SCV  
  97  8:28  Supply Depot  
  97  8:29  Marine x3  
  97  8:30  Supply Depot  
  97  8:31  Marine x2, Siege Tank  
  105  8:36  SCV  
  106  8:43  SCV  
  106  8:47  Marine x3  
  106  8:48  SCV  
  111  8:49  Marine x2  
  113  9:00  SCV  
  114  9:07  Supply Depot, Starport  
  114  9:09  Starport  
  114  9:12  SCV  
  115  9:18  Supply Depot  
  115  9:20  Supply Depot  
  115  9:28  Orbital Command  
  115  9:31  SCV  
  116  9:34  Marine x4  
  116  9:35  Marine  
  121  9:43  SCV  
  122  9:50  Starport Tech Lab  
  122  9:51  Starport Tech Lab  
  122  9:52  Marine x5  
  124  9:58  Starport  
  124  9:59  Starport  
  127  10:07  Fusion Core, Missile Turret  
  127  10:10  Marine x5  
  132  10:21  Missile Turret  
  132  10:28  Marine x5  
  136  10:29  Missile Turret  
  137  10:42  Missile Turret  
  137  10:46  Marine  
  137  10:48  Missile Turret  
  138  10:55  SCV  
  139  11:01  Starport Tech Lab  
  139  11:02  Missile Turret  
  139  11:06  Weapon Refit  
  139  11:07  SCV  
  140  11:11  Missile Turret  
  140  11:13  Starport Tech Lab  
  140  11:17  Battlecruiser x2  
  152  11:19  Battlecruiser, SCV  
  152  11:20  Terran Vehicle And Ship Armor Level 2  
  152  11:21  Missile Turret  
  152  11:22  Terran Ship Weapons Level 1  
  152  11:24  Hi-Sec Auto Tracking  
  159  11:32  Missile Turret  
  159  11:42  Missile Turret  
  159  11:53  Missile Turret  
  159  12:02  Missile Turret  
  159  12:03  Sensor Tower, Barracks Reactor  
  159  12:11  Sensor Tower  
  159  12:15  Missile Turret  
  159  12:21  Battlecruiser, Neosteel Armor  
  165  12:22  Missile Turret  
  152  12:34  Missile Turret  
  152  12:42  Missile Turret  
  120  12:57  Missile Turret  
  117  13:02  Missile Turret  
  117  13:05  Battlecruiser x3  
  133  13:07  Marine  
  133  13:08  Marine x4  
  138  13:18  Missile Turret  
  138  13:22  Missile Turret  
  138  13:25  Marine x2, Battlecruiser  
  138  13:26  Marine x3  
  141  13:42  Missile Turret  
  141  14:09  Battlecruiser x3  
  159  14:10  Command Center  
  159  14:12  Terran Vehicle And Ship Armor Level 3, Terran Ship Weapons Level 2  
  159  14:29  Battlecruiser  
  131  15:13  Battlecruiser x3  
  149  15:34  Battlecruiser  
  93  16:54  Battlecruiser x2  
  93  16:55  Battlecruiser x2  
  117  17:13  Orbital Command  
  117  17:23  Marine  
  117  17:24  Marine x4  
  122  17:41  Marine x2  
  122  17:42  Marine x3  
  126  17:59  Marine x4, Battlecruiser x2  
  126  18:00  Marine  
  130  18:17  Marine x5  
  116  18:35  Marine  
  113  18:44  Battlecruiser  
  113  18:45  Battlecruiser  
  110  19:03  Battlecruiser x2  
  88  20:14  Battlecruiser  
  88  20:16  SCV  
  78  21:17  Marine x5  
  83  21:34  Marine  
  83  21:35  Marine x4  
  52  21:52  Marine x2  
  52  21:53  Marine x3  
  39  22:10  Marine x2  
Show
View Real Time Build Order
Export as new Build Order

OsoPandoMx Zerg 

Build Orders: Hatch First, Swarm Host 

Get SALT Encoding   

  12  0:01  Drone  
  13  0:14  Overlord  
  13  0:18  Drone  
  14  0:32  Drone x2  
  16  0:36  Drone  
  17  0:56  Drone  
  18  0:58  Hatchery  
  18  0:59  Drone  
  18  1:08  Drone  
  19  1:17  Spawning Pool  
  18  1:21  Extractor  
  18  1:22  Drone  
  18  1:30  Overlord  
  18  1:50  Drone  
  19  2:00  Drone  
  20  2:06  Roach Warren  
  19  2:09  Drone  
  19  2:11  Queen x2  
  25  2:15  Drone  
  25  2:18  Drone  
  26  2:31  Drone x2  
  28  2:37  Overlord  
  28  2:50  Extractor  
  27  2:56  Roach x4  
  27  2:58  Roach  
  37  3:07  Overlord  
  37  3:18  Overlord  
  37  3:23  Lair  
  37  3:29  Extractor  
  37  3:32  Extractor  
  35  3:37  Spore Crawler  
  35  3:39  Drone x5  
  39  3:51  Queen  
  41  3:58  Drone  
  41  3:59  Drone  
  43  4:11  Drone x3  
  46  4:25  Infestation Pit  
  45  4:42  Hatchery  
  44  4:51  Roach x2  
  48  4:55  Overlord  
  46  5:26  Swarm Host x3  
  46  5:27  Swarm Host  
  58  5:35  Overlord x2  
  58  5:44  Overseer  
  58  5:54  Swarm Host  
  58  5:55  Swarm Host  
  67  6:05  Burrow  
  67  6:09  Pneumatized Carapace  
  67  6:16  Drone x2  
  67  6:18  Drone  
  70  6:26  Drone x2  
  70  6:28  Drone  
  73  6:52  Overlord  
  73  6:53  Swarm Host x3  
  61  8:09  Roach x6  
  73  8:33  Spire  
  73  8:34  Drone x5  
  73  8:35  Drone x3  
  80  9:04  Overlord x2  
  80  9:06  Hatchery  
  80  9:07  Hatchery  
  78  9:44  Mutalisk  
  78  9:45  Mutalisk x7  
  84  9:46  Mutalisk x3  
  84  9:50  Extractor  
  84  9:51  Extractor  
  98  9:54  Zerg Flyer Weapons Level 1  
  98  9:55  Extractor  
  98  9:56  Extractor  
  96  10:05  Spire  
  95  10:10  Drone x3  
  99  11:04  Mutalisk x5  
  99  11:05  Mutalisk  
  99  11:08  Overlord  
  99  11:09  Overlord x2  
  111  11:20  Zerg Flyer Armor Level 1  
  111  11:25  Drone  
  112  11:26  Queen  
  112  11:27  Drone x2  
  116  11:41  Drone x8  
  116  11:42  Drone x2  
  125  11:59  Mutalisk x5  
  125  12:00  Extractor  
  134  12:01  Hatchery  
  123  12:33  Mutalisk x4  
  129  12:39  Roach x6  
  91  13:21  Mutalisk x5  
  91  13:22  Mutalisk x4  
  109  13:44  Drone x2  
  109  13:45  Drone x4  
  109  13:48  Drone x3  
  116  14:22  Hatchery  
  84  14:42  Mutalisk x4  
  84  14:43  Mutalisk x5  
  92  15:06  Mutalisk x6  
  92  15:23  Mutalisk x2  
  92  15:24  Mutalisk  
  87  16:27  Mutalisk x6  
  99  16:47  Mutalisk x2  
  99  17:24  Swarm Host  
  108  17:57  Hatchery  
  104  19:14  Mutalisk x2  
  90  19:42  Zergling x10  
  90  19:43  Zergling x8  
  72  20:38  Zergling x16  
  72  20:39  Zergling x2  
  42  22:09  Drone x5  
  42  22:10  Drone x4  
  42  22:15  Extractor  
  50  22:18  Extractor  
Show
View Real Time Build Order
Export as new Build Order

MrFercho Zerg - Winner!

Build Orders: Hatch First 

Get SALT Encoding   

  12  0:01  Drone  
  13  0:16  Overlord  
  13  0:19  Drone  
  14  0:34  Drone x2  
  16  0:54  Drone  
  17  0:58  Hatchery, Drone  
  17  1:02  Drone  
  18  1:14  Extractor  
  17  1:20  Spawning Pool  
  17  1:22  Drone  
  17  1:26  Drone  
  17  1:32  Drone  
  19  1:43  Drone  
  20  1:59  Overlord  
  20  2:04  Drone  
  21  2:11  Queen x2  
  21  2:13  Drone  
  26  2:16  Drone  
  27  2:24  Overlord  
  27  2:25  Drone  
  28  2:32  Drone  
  28  2:35  Drone  
  30  2:43  Drone  
  31  2:47  Drone  
  32  2:51  Queen  
  32  2:54  Lair  
  32  2:56  Drone  
  32  2:58  Drone  
  36  3:18  Drone x2  
  38  3:27  Extractor  
  38  3:29  Extractor  
  36  3:35  Drone x8  
  44  4:02  Queen, Evolution Chamber  
  44  4:03  Roach Warren  
  44  4:07  Overlord  
  44  4:08  Overlord x3  
  44  4:25  Queen  
  44  4:30  Zerg Missile Weapons Level 1  
  46  4:42  Glial Reconstitution  
  46  4:47  Roach x12  
  70  4:55  Drone x2  
  72  5:07  Overlord  
  72  5:08  Overlord  
  72  5:10  Roach x2  
  76  5:26  Roach x4  
  84  5:33  Drone x2  
  84  5:34  Drone  
  87  5:56  Drone  
  88  6:07  Hatchery  
  87  6:25  Drone x5  
  92  6:26  Overlord x4  
  92  6:43  Zerg Missile Weapons Level 2  
  92  6:45  Hatchery  
  91  6:51  Overseer  
  91  6:52  Overseer  
  91  6:53  Overseer  
  91  7:18  Spore Crawler  
  90  7:43  Roach x11  
  110  8:16  Drone  
  110  8:17  Drone x4  
  110  8:19  Drone x7  
  122  8:24  Extractor  
  122  8:26  Extractor  
  120  8:41  Extractor  
  119  8:48  Infestation Pit  
  119  8:51  Evolution Chamber  
  119  8:53  Evolution Chamber  
  119  8:54  Drone x2  
  119  8:55  Drone x2  
  120  8:56  Drone x3  
  120  8:57  Drone x2  
  125  9:08  Zerg Ground Armor Level 1  
  125  9:42  Ravager x5  
  125  9:43  Ravager x2  
  125  9:44  Ravager x2  
  134  9:50  Zerg Melee Weapons Level 1, Hydralisk Den  
  133  9:55  Hive  
  133  10:07  Overlord x5  
  133  10:08  Overlord x5  
  133  10:13  Pneumatized Carapace  
  133  10:23  Hatchery  
  132  11:05  Overlord x2  
  132  11:10  Zerg Missile Weapons Level 3  
  132  11:12  Zerg Ground Armor Level 2  
  132  11:15  Grooved Spines  
  132  11:21  Hydralisk x19  
  132  11:22  Hydralisk x15  
  200  12:19  Zerg Melee Weapons Level 2  
  200  12:22  Adrenal Glands  
  198  12:26  Muscular Augments  
  180  12:31  Ultralisk Cavern  
  155  12:50  Lurker Den  
  122  12:51  Spire  
  90  13:00  Hydralisk x7  
  90  13:01  Hydralisk x6  
  90  13:14  Spore Crawler  
  90  13:15  Spore Crawler  
  90  13:16  Drone x3  
  91  13:20  Spore Crawler  
  91  13:25  Spine Crawler  
  89  13:28  Spine Crawler  
  88  13:40  Hydralisk x3  
  88  13:41  Hydralisk x10  
  114  13:54  Metabolic Boost  
  114  14:08  Drone x12  
  114  14:09  Drone x11  
  137  14:10  Drone x2  
  139  14:24  Overlord  
  139  14:25  Extractor  
  139  14:26  Overseer x2  
  139  14:30  Extractor  
  137  14:35  Seismic Spines  
  137  14:37  Zerg Flyer Weapons Level 1  
  137  14:40  Zerg Ground Armor Level 3  
  137  14:43  Zergling x2  
  137  14:44  Zergling x32  
  154  15:32  Adaptive Talons  
  154  15:37  Hatchery  
  144  16:10  Corruptor  
  144  16:11  Corruptor x16  
  119  16:12  Corruptor  
  129  16:24  Overlord  
  129  16:25  Overlord x2  
  121  16:26  Overlord x3  
  121  16:31  Queen  
  118  17:15  Extractor  
  117  17:18  Spore Crawler  
  117  17:19  Extractor  
  117  17:21  Spore Crawler x2  
  113  17:30  Drone x2  
  113  17:31  Drone x13  
  128  17:58  Zergling x2  
  128  17:59  Zergling x18  
  138  18:06  Zerg Melee Weapons Level 3  
  138  18:08  Anabolic Synthesis  
  138  18:11  Ultralisk x5, Hatchery  
  167  18:19  Zerg Flyer Weapons Level 2  
  167  18:26  Hydralisk x6  
  167  18:27  Hydralisk x4  
  180  18:51  Chitinous Plating  
  175  19:10  Hydralisk x9  
  175  19:11  Hydralisk x3  
  173  20:02  Corruptor  
  173  20:03  Corruptor x13  
  141  20:38  Extractor  
  141  20:41  Extractor  
  139  20:43  Hydralisk  
  139  20:44  Hydralisk x16  
  173  21:11  Hydralisk x10  
  165  21:48  Hydralisk x7  
  165  21:49  Hatchery, Hydralisk x4  
  186  22:13  Hydralisk x3  
  186  22:14  Hydralisk x4  
Show
View Real Time Build Order
Export as new Build Order

TATORREA Protoss - Winner!

Build Orders: Double Forge 

Get SALT Encoding   

  12  0:03  Probe  
  13  0:15  Probe  
  14  0:23  Pylon  
  14  0:27  Probe  
  15  0:41  Probe  
  16  0:47  Gateway  
  16  0:53  Probe  
  17  1:05  Probe  
  18  1:13  Gateway  
  18  1:16  Gateway  
  18  1:17  Probe  
  19  1:27  Assimilator  
  19  1:29  Pylon, Probe  
  19  1:44  Probe, Cybernetics Core  
  20  1:54  Assimilator  
  20  1:57  Pylon  
  20  1:58  Probe  
  21  2:08  Pylon  
  21  2:10  Probe  
  22  2:22  Warp Gate  
  22  2:25  Stalker  
  24  2:32  Zealot x2  
  28  2:56  Stalker  
  30  3:00  Stalker  
  30  3:01  Stalker  
  34  3:15  Twilight Council  
  34  3:26  Stalker  
  36  3:30  Stalker  
  36  3:32  Zealot  
  40  3:44  Pylon  
  40  3:50  Charge (Chrono Boost)  
  40  4:05  Forge  
  40  4:06  Forge  
  40  4:19  Probe  
  41  4:40  Nexus  
  41  4:41  Pylon  
  41  4:43  Probe  
  42  4:46  Protoss Ground Weapons Level 1 (Chrono Boost)  
  42  4:55  Probe  
  37  5:16  Probe  
  26  5:24  Stalker x2  
  26  5:28  Probe (Chrono Boost), Zealot  
  33  5:37  Blink  
  33  5:39  Probe (Chrono Boost)  
  34  5:44  Probe (Chrono Boost)  
  35  5:52  Probe  
  35  5:55  Probe, Zealot x2  
  41  6:00  Zealot  
  43  6:04  Probe  
  43  6:07  Probe  
  43  6:10  Protoss Shields Level 1 (Chrono Boost)  
  45  6:17  Probe  
  45  6:18  Zealot  
  48  6:21  Zealot  
  48  6:23  Probe  
  51  6:29  Probe  
  52  6:35  Probe  
  52  6:37  Stalker  
  52  6:38  Stalker  
  57  6:42  Zealot  
  57  6:43  Probe  
  60  6:48  Assimilator  
  60  6:52  Assimilator, Probe  
  61  6:55  Probe  
  61  7:00  Robotics Facility  
  62  7:03  Zealot x2  
  62  7:07  Zealot  
  68  7:09  Probe x2  
  70  7:21  Probe  
  63  7:30  Zealot x2  
  63  7:31  Zealot  
  63  7:34  Probe x2  
  71  7:44  Protoss Ground Weapons Level 2 (Chrono Boost)  
  71  7:46  Probe x2  
  71  7:48  Observer  
  74  8:02  Nexus  
  74  8:04  Pylon  
  74  8:07  Pylon  
  74  8:20  Forge, Probe x2  
  74  8:22  Templar Archives  
  76  8:29  Gateway  
  76  8:32  Probe  
  76  8:33  Probe  
  78  8:34  Gateway, Zealot  
  78  8:35  Zealot  
  78  8:38  Zealot  
  84  8:41  Protoss Shields Level 2 (Chrono Boost)  
  84  8:44  Probe  
  85  9:02  Assimilator  
  85  9:04  Assimilator  
  85  9:15  Stargate  
  85  9:17  Stargate, Zealot x2  
  87  9:20  Zealot  
  87  9:21  Stargate  
  91  9:28  Psionic Storm  
  91  9:34  Probe x3  
  94  9:44  High Templar x3  
  94  9:45  High Templar x2  
  104  9:46  Probe x3  
  107  9:54  Archon x2  
  107  10:05  Protoss Ground Armor Level 1 (Chrono Boost)  
  107  10:13  Protoss Air Weapons Level 1  
  107  10:26  Pylon  
  107  10:31  Pylon  
  107  10:35  Pylon  
  107  10:43  Pylon  
  107  10:44  Immortal  
  107  10:47  Pylon  
  107  10:49  Zealot x4  
  119  10:51  Zealot  
  119  10:55  Pylon  
  121  11:01  Pylon  
  121  11:05  Pylon  
  121  11:10  Pylon  
  121  11:12  Protoss Ground Weapons Level 3 (Chrono Boost)  
  121  11:14  Protoss Shields Level 3 (Chrono Boost)  
  121  11:23  Observer  
  122  11:26  Nexus  
  122  11:28  Pylon  
  122  11:30  Pylon  
  122  11:35  Robotics Bay  
  122  11:38  Probe x3  
  125  11:41  Stalker x3  
  125  11:42  Stalker x2  
  125  11:45  Immortal  
  139  11:50  Probe x3  
  139  11:54  Fleet Beacon  
  142  12:00  Void Ray  
  146  12:02  Probe x3  
  146  12:06  Void Ray  
  153  12:16  Void Ray  
  153  12:21  Probe x3  
  153  12:22  Protoss Air Armor Level 1 (Chrono Boost)  
  160  12:26  High Templar x2  
  160  12:27  High Templar  
  166  12:31  Protoss Ground Armor Level 2 (Chrono Boost)  
  166  12:33  Probe x3  
  166  12:36  Archon  
  169  12:38  Archon  
  169  12:39  Zealot  
  169  12:40  Zealot  
  169  12:41  Probe  
  174  12:45  Probe x3  
  174  12:46  Unknown  
  174  12:49  Colossus  
  183  13:03  Probe x2  
  183  13:04  Probe  
  186  13:08  Assimilator  
  186  13:11  Assimilator  
  186  13:32  Nexus  
  186  13:33  Pylon  
  186  13:36  Pylon  
  186  13:45  Void Ray x3  
  198  13:57  Zealot  
  138  14:53  Carrier x3  
  114  15:14  High Templar  
  114  15:15  High Templar x4  
  108  15:37  Gateway  
  108  15:39  Gateway  
  108  15:41  Gateway  
  108  15:43  Gateway  
  108  15:55  Assimilator  
  108  15:56  Assimilator  
  108  15:58  Gateway  
  108  16:01  Gateway  
  108  16:04  Extended Thermal Lance (Chrono Boost)  
  108  16:05  Gateway, Colossus  
  108  16:07  Gateway  
  108  16:09  Tempest x3  
  129  16:13  Gateway  
  129  16:14  Gateway  
  129  16:17  Gateway  
  129  16:19  Gateway  
  129  16:22  Gateway  
  129  16:24  Gateway  
  129  16:27  Gateway  
  129  16:31  Gateway  
  129  16:33  High Templar x4  
  129  16:35  Gateway  
  129  16:37  Zealot x2  
  141  16:50  Zealot x3  
  141  16:52  Carrier, Colossus  
  141  16:54  Archon x4  
  153  16:57  Zealot  
  153  16:58  Zealot x3  
  167  17:02  Protoss Ground Armor Level 3  
  167  17:03  Nexus  
  167  17:05  Pylon  
  167  17:09  Pylon, Zealot x4  
  167  17:10  Zealot x4  
  167  17:12  Zealot x2  
  187  17:21  Zealot x4  
  187  17:22  Protoss Air Weapons Level 2, Zealot x2  
  129  18:23  Zealot x5  
  129  18:24  Zealot x4  
  129  18:25  Zealot x4  
  129  18:26  Zealot x3  
  129  18:27  Zealot x5  
  136  18:28  Zealot  
  104  18:55  Zealot x3  
  102  18:56  Zealot x4  
  102  18:57  Zealot x4  
  102  18:58  Zealot x4  
  102  18:59  Zealot x5  
  102  19:00  Zealot x2  
  120  19:32  Zealot x3  
  120  19:33  Zealot x4  
  120  19:34  Zealot x4  
  120  19:35  Zealot x5  
  120  19:36  Zealot x2  
  120  19:37  Zealot x4  
  88  20:18  Nexus  
  88  20:19  Stalker x2  
  88  20:20  Stalker x4  
  88  20:21  Pylon x2  
  82  20:36  Stalker  
  82  20:37  Stalker x3  
  90  20:56  Stalker x2  
  90  20:57  Stalker x2  
  82  21:13  Stalker  
  82  21:14  Stalker x5  
  82  21:15  Stalker x2  
  82  21:16  Stalker x3  
  82  21:17  Stalker x3  
  82  21:18  Stalker x2  
  108  21:20  Stalker  
  70  21:48  Stalker  
  70  21:49  Stalker x4  
  62  22:08  Zealot x4  
  64  22:09  Zealot  
  64  22:10  Zealot  
  74  22:29  Zealot x2  
  78  22:30  Zealot x2  
Show
View Real Time Build Order
Export as new Build Order

tigro Terran - Winner!

Build Orders:  

Get SALT Encoding   

  12  0:24  SCV  
  13  0:31  Supply Depot  
  13  0:33  Refinery  
  13  0:36  SCV  
  14  0:48  SCV  
  15  0:54  Supply Depot  
  15  0:58  Barracks  
  15  1:02  SCV  
  16  1:14  SCV  
  17  1:19  Supply Depot  
  17  1:47  SCV  
  18  1:51  Refinery  
  18  1:52  Marine  
  19  1:59  SCV  
  20  2:10  Marine  
  20  2:11  SCV  
  22  2:23  SCV  
  22  2:27  Marine  
  24  2:35  Factory, SCV  
  25  2:45  Marine, Engineering Bay  
  26  3:03  Marine  
  27  3:26  Bunker, Factory Tech Lab  
  27  3:36  Command Center  
  27  3:37  Barracks Tech Lab  
  27  3:40  Terran Infantry Weapons Level 1  
  27  3:47  SCV  
  28  3:54  Siege Tank  
  31  4:10  Refinery  
  31  4:15  Orbital Command  
  31  4:48  SCV  
  31  4:49  Refinery  
  32  5:00  SCV  
  33  5:10  SCV  
  33  5:12  SCV  
  35  5:22  Starport, SCV  
  35  5:24  SCV  
  37  5:34  Terran Infantry Armor Level 1, SCV  
  38  5:36  SCV  
  38  5:38  Siege Tank  
  38  5:41  Marine  
  43  5:46  SCV  
  43  5:49  SCV  
  45  5:58  SCV  
  45  5:59  Marine  
  45  6:01  SCV  
  45  6:02  Barracks  
  48  6:13  SCV  
  48  6:17  Marine  
  50  6:22  Missile Turret  
  50  6:34  Missile Turret  
  50  6:49  SCV  
  50  6:52  Medivac, Missile Turret  
  53  6:56  Missile Turret  
  53  7:04  SCV  
  54  7:09  SCV  
  55  7:16  SCV  
  55  7:17  Missile Turret  
  55  7:19  Armory  
  56  7:24  Missile Turret  
  56  7:28  SCV, Neosteel Armor  
  57  7:33  Siege Tank  
  60  7:40  SCV  
  61  7:52  SCV  
  62  8:19  Supply Depot  
  62  8:30  Barracks Reactor  
  62  8:40  Medivac, Marine, Cyclone  
  62  8:41  Supply Depot  
  68  8:52  Missile Turret  
  68  8:58  Marine  
  69  9:08  Hi-Sec Auto Tracking  
  69  9:12  Cyclone  
  69  9:13  Starport Tech Lab  
  69  9:16  Marine  
  73  9:19  Missile Turret  
  73  9:26  Fusion Core  
  73  9:33  Marine  
  74  9:44  Cyclone  
  77  9:51  Stimpack, Marine  
  78  9:53  Missile Turret  
  78  10:14  Missile Turret  
  78  10:35  Missile Turret  
  78  11:04  Terran Infantry Weapons Level 2  
  78  11:07  Supply Depot, Terran Vehicle And Ship Armor Level 1  
  78  11:09  Weapon Refit  
  78  11:21  Marine x2  
  78  11:22  Battlecruiser  
  78  11:23  Marine  
  78  11:24  Cyclone  
  90  11:30  Supply Depot  
  90  11:31  Combat Shield  
  90  11:39  Marine x2  
  92  11:41  Marine  
  93  11:55  Thor  
  93  11:57  Marine x2  
  93  11:59  Marine  
  102  12:13  Missile Turret  
  102  12:15  Marine x2  
  104  12:17  Marine  
  101  12:33  Marine  
  101  12:36  Missile Turret  
  92  12:37  Command Center  
  92  12:38  Thor  
  92  12:41  Marine x2  
  100  12:49  Rapid Reignition System  
  100  12:51  Medivac, Marine  
  94  12:58  Missile Turret  
  93  12:59  Marine x2  
  93  13:01  Terran Vehicle Weapons Level 1  
  90  13:08  Marine  
  91  13:17  Marine x2  
  93  13:20  Terran Infantry Armor Level 2  
  93  13:21  Medivac, Thor  
  93  13:22  Missile Turret  
  93  13:26  Marine  
  102  13:34  Marine  
  102  13:35  Marine  
  104  13:44  Marine  
  99  13:51  Battlecruiser  
  105  14:04  Thor  
  111  14:25  Planetary Fortress  
  111  14:31  Refinery  
  111  14:47  Thor  
  111  14:48  Refinery  
  112  14:55  Battlecruiser  
  112  14:56  Terran Ship Weapons Level 1  
  107  15:30  Thor  
  104  15:36  Terran Infantry Weapons Level 3  
  82  15:59  Battlecruiser  
  82  16:04  Starport  
  88  16:12  Thor  
  94  16:42  SCV  
  95  16:47  Starport Tech Lab  
  95  16:49  Terran Vehicle Weapons Level 2  
  95  16:50  Marine  
  95  16:51  Marine x2  
  95  16:54  SCV  
  99  16:55  Thor  
  105  17:03  Battlecruiser  
  105  17:06  SCV  
  112  17:08  Marine x3  
  115  17:20  Battlecruiser  
  121  17:26  Marine x3  
  124  17:44  Marine  
  125  17:55  Supply Depot  
  125  18:16  Marine x2  
  125  18:17  Battlecruiser  
  125  18:19  Supply Depot  
  133  18:41  Thor, Marine x3  
  140  18:42  Supply Depot  
  138  18:58  Marine x3  
  141  19:04  Battlecruiser  
  141  19:05  Terran Vehicle And Ship Armor Level 2  
  141  19:08  Supply Depot  
  146  19:16  Marine x3  
  130  19:21  Battlecruiser  
  130  19:23  Thor  
  106  19:34  Marine x2  
  108  19:54  Marine x3  
  111  20:08  Medivac  
  111  20:12  Marine x3  
  116  20:25  Battlecruiser  
  114  20:30  Marine x3  
  116  20:38  Medivac  
  105  20:47  Marine  
  105  20:48  Marine x2  
  86  21:06  Marine  
  86  21:08  Battlecruiser  
  88  21:29  Battlecruiser  
  94  21:45  Marine x3  
  97  22:03  Marine x3  
  106  22:20  Marine  
  106  22:21  Marine x2  
Tags
 
Add a new tag
Caveats
  • Supply blocks, unpowered buildings, or Contaminate may cause inaccurate times.
  • Supply counts are checked every 10 seconds.